 Dungeon Crawl Stone Soup version 0.20.0-15-g7f486f2 (webtiles) character file.

273 Chiseanne the Magician (level 6, 41/41 HPs)
             Began as a Demonspawn Wizard on June 12, 2017.
             Quit the game on level 3 of the Dungeon.
             The game lasted 00:09:09 (3834 turns).

Chiseanne the Magician (Demonspawn Wizard)          Turns: 3834, Time: 00:09:09

Health: 41/41      AC:  5    Str:  7    XL:     6   Next: 2%
Magic:  4/13       EV: 12    Int: 22    God:
Gold:   167        SH:  0    Dex: 11    Spells: 5/14 levels left

rFire    . . .     SeeInvis .   a - +2 short sword (flame)
rCold    . . .     Gourm    .   (no shield)
rNeg     + . .     Faith    .   e - +2 robe {rN+}
rPois    .         Spirit   .   s - +0 helmet
rElec    .         Reflect  .   (no cloak)
rCorr    .         Harm     .   (no gloves)
MR       .....                  (no boots)
Stlth    ++........             (no amulet)
Regen    0.2/turn               (no ring)
MPRegen  0.2/turn               (no ring)

@: very slightly contaminated
A: hooves 2, nightstalker 1, rot immunity
a: no special abilities


You were on level 3 of the Dungeon.
You were not hungry.

You visited 1 branch of the dungeon, and saw 3 of its levels.

You collected 167 gold pieces.

Inventory:

Hand Weapons
 a - a +2 short sword of flaming (weapon)
Missiles
 c - 5 tomahawks
 g - 42 arrows
 j - 14 sling bullets
 m - 24 poisoned needles
 n - 83 stones (quivered)
Armour
 e - a +2 robe of positive energy (worn)
 s - a +0 helmet (worn)
Wands
 p - a wand of lightning (10/15)
 r - a wand of disintegration (12/24)
 u - a wand of enslavement (13/24)
Scrolls
 b - a scroll of blinking
 h - 2 scrolls of fog
 x - a scroll of teleportation
 y - a scroll of magic mapping {unknown}
Potions
 i - a potion of degeneration {unknown}
 l - 2 potions of mutation
 o - a potion of lignification {unknown}
 q - a potion of brilliance {unknown}
 t - a potion of magic {unknown}
 v - a potion of might
 w - 2 potions of heal wounds {unknown}
 z - 2 potions of curing {unknown}
Comestibles
 d - 3 bread rations
 f - 4 fruits
 k - 3 royal jellies
 A - 6 chunks of flesh


   Skills:
 - Level 1.7 Dodging
 - Level 1.7 Stealth
 * Level 4.7 Spellcasting
 * Level 4.5 Conjurations
   Level 1.0 Summonings
 - Level 0.8 Translocations


You had 5 spell levels left.
You knew the following spells:

 Your Spells              Type           Power        Failure   Level  Hunger
a - Magic Dart            Conj           ####         1%          1    None
b - Blink                 Tloc           N/A          11%         2    None
c - Conjure Flame         Conj/Fire      ###.....     12%         3    ##.....
d - Mephitic Cloud        Conj/Pois/Air  ##......     17%         3    ##.....


Dungeon Overview and Level Annotations

Branches:
Dungeon (3/15)

Altars:
Xom

Annotations:
D:2 Sigmund


Innate Abilities, Weirdness & Mutations

You have hoof-like feet.
You are slightly more attuned to the shadows.
You are immune to rotting.


Message History

Aim: a rat The magic dart hits the rat.
You kill the rat!
Casting: Magic Dart
Confirm with . or Enter, or press ? or * to list all spells.
Aiming: Magic Dart
Press: ? - help, Shift-Dir - straight line, f - you That beam is likely to hit you.
Continue anyway? [Y]es or [N]o only, please.
That beam is likely to hit you.
Continue anyway? [Y]es or [N]o only, please.
That beam is likely to hit you.
Continue anyway?
Okay, then.
Things that are here:
a hound corpse; an adder corpse You butcher the hound corpse.
A - 6 chunks of flesh (gained 3)
Things that are here:
a hound skeleton; an adder corpse Are you sure you want to abandon this character and quit the game? (Confirm with "yes".)

#...#
#....##........
##..#
#....##........
....#
#....##........
###.#
#....##......).
...>#
#....##........
#####
#..............
#
####...........
# #...........
######
#....@......
.....#
#........[..
####.#
#...........
####.#
#.........?.
#....#
#...........
##.###
#...........
#.#
#...........
#.# #.#


There were no monsters in sight!

Vanquished Creatures
  A hound (D:3)
  An orc wizard (D:3)
  An orc priest (D:3)
  Ijyb (D:3)
  8 adders
  An ooze (D:3)
  A worm (D:2)
  3 dart slugs
  5 leopard geckos
  2 orcs (D:3)
  3 bats
  3 giant cockroaches
  7 goblins
  10 hobgoblins
  3 quokkas
  3 frilled lizards
  5 kobolds
  18 rats
76 creatures vanquished.

Notes
Turn   | Place    | Note
-------+----------+-------------------------------------------
     0 | D:1      | Chiseanne the Demonspawn Wizard began the quest for the Orb.
     0 | D:1      | Reached XP level 1. HP: 13/13 MP: 4/4
   207 | D:1      | Chiseanne: !beem unsubscribe
   207 | D:1      | beem: Usage: !bothelp
   207 | D:1      | Chiseanne: !unsubscribe
   207 | D:1      | beem: Unsubscribed. I will no longer watch games of user Chiseanne. Bye!
   546 | D:1      | Gained mutation: You are immune to rotting. [demonic ancestry]
   546 | D:1      | Reached XP level 2. HP: 19/19 MP: 1/6
  1608 | D:1      | Reached XP level 3. HP: 24/24 MP: 5/7
  1695 | D:2      | Learned a level 2 spell: Blink
  1699 | D:2      | Learned a level 3 spell: Conjure Flame
  1855 | D:2      | Found a shimmering altar of Xom.
  2136 | D:2      | Noticed Sigmund
  2299 | D:2      | Learned a level 3 spell: Mephitic Cloud
  2338 | D:2      | Gained mutation: You have large cloven feet. [demonic ancestry]
  2338 | D:2      | Reached XP level 4. HP: 29/30 MP: 1/9
  2892 | D:3      | Noticed Ijyb
  2904 | D:3      | Killed Ijyb
  3081 | D:3      | Gained mutation: You have hoof-like feet. [demonic ancestry]
  3081 | D:3      | Reached XP level 5. HP: 31/35 MP: 7/11
  3828 | D:3      | Gained mutation: You are slightly more attuned to the shadows. [demonic ancestry]
  3828 | D:3      | Reached XP level 6. HP: 41/41 MP: 5/13
  3834 | D:3      | Quit the game

Skill      XL: |  1  2  3  4  5 |
---------------+----------------+-----
Conjurations   | 2 3 4 |  4.5
Spellcasting   | 4 |  4.7
Dodging        | |  1.7
Stealth        | |  1.7
Summonings     | |  1.0
Translocations | |  0.8

Action                   |  1- 3 |  4- 6 || total
-------------------------+-------+-------++-------
Melee: Short sword       |     5 |    19 ||    24
       Mace              |     1 |       ||     1
       Kick              |       |     3 ||     3
 Cast: Magic Dart        |   103 |    85 ||   188
       Mephitic Cloud    |       |     1 ||     1
  Use: Scroll            |     6 |     4 ||    10
       Potion            |       |     1 ||     1
 Stab: Confused          |       |     1 ||     1
  Eat: Chunk             |     3 |     6 ||     9
Armor: Robe              |     3 |     9 ||    12
Dodge: Dodged            |    13 |    12 ||    25
